 Dungeon Crawl Stone Soup version 0.17-a0-1637-g5d65775 (webtiles) character file.

91 LilCorpsy the Twirler (level 4, -2/33 HPs)
             Began as a Demonspawn Gladiator on Aug 7, 2015.
             Was an Initiate of Okawaru.
             Succumbed to a gnoll's poison
             ... on level 2 of the Dungeon.
             The game lasted 00:03:58 (1360 turns).

LilCorpsy the Twirler (Demonspawn Gladiator)        Turns: 1360, Time: 00:03:58

Health: -2/33      AC:  4    Str: 15    XL:     4   Next: 33%
Magic:  4/4        EV: 12    Int:  9    God:    Okawaru [......]
Gold:   97         SH:  0    Dex: 15    Spells: 0 memorised, 3 levels left

rFire  . . .     SeeInvis .     a - +0 quarterstaff
rCold  . . .     Clarity  .     b - +0 leather armour
rNeg   . . .     SustAt   .     (no shield)
rPois  .         Gourm    .     c - +0 helmet
rElec  .         Spirit   .     (no cloak)
rCorr  .         Warding  .     (no gloves)
rMut   .         Stasis   .     (no boots)
MR     .....                    g - amulet of regeneration
Stlth  +.........               (no ring)
                                (no ring)

@: lethally poisoned (-2 -> -23), not resistant to hostile enchantments, very
unstealthy
A: talons 2, demonic guardian 1
a: Renounce Religion


You were on level 2 of the Dungeon.
You worshipped Okawaru.
Okawaru was noncommittal.
You were not hungry.

You visited 1 branch of the dungeon, and saw 2 of its levels.

You collected 97 gold pieces.

Inventory:

Hand weapons
 a - a +0 quarterstaff (weapon)
Missiles
 d - 3 throwing nets (quivered)
Armour
 b - a +0 leather armour (worn)
 c - a +0 helmet (worn)
Jewellery
 g - an amulet of regeneration (around neck)
Scrolls
 f - a scroll of identify
Comestibles
 e - 3 bread rations
 i - a meat ration


   Skills:
 - Level 2.0 Fighting
 * Level 4.7 Staves
 - Level 1.7 Throwing
 - Level 2.6 Dodging


You had 3 spell levels left.
You didn't know any spells.

Dungeon Overview and Level Annotations

Branches:
Dungeon (2/15)

Altars:
Ashenzari
Okawaru
Qazlal


Innate Abilities, Weirdness & Mutations

You have razor-sharp toenails.
A weak demonic guardian rushes to your aid.


Message History

You are more poisoned.
You barely miss the giant gecko.
You claw the giant gecko, but do no damage.
You feel very sick.
The giant gecko bites you but does no damage.
The gnoll hits you from afar with a spear of venom.
* * * LOW HITPOINT WARNING * * *
You are more poisoned.
* * * LOW HITPOINT WARNING * * *
You feel very sick.
Your iron imp misses the giant gecko.
Your iron imp disappears in a puff of smoke!
* * * LOW HITPOINT WARNING * * *
You feel very sick. The giant gecko bites you.
* * * LOW HITPOINT WARNING * * *
You sock the giant gecko!
You kill the giant gecko!
Okawaru accepts your kill.
You die...

....,,,,,,,,,,,,,,,,,,,,,,,,,,>,,
..#*******###########***,,,,,,,,,
..# #.........# *,,,,,,,,,
.##########.........# *,,,,,,,*,
....................# **,,...,*,
.#########..........# *,,..,,*,
##.#................# **..,,,*,
##.+..............g.# *.#**,#,
##.#............@†r†######.###.#,
##.#####'#.########.............,
##[........# #..)..........,
########.### #......)......,
......##.##########.............<
....#.##..........#.####........,
....#.###########.#.####$.......,
......................<#...[....,
##....####.#.##..#######.###...#,


You could see a gnoll and a rat.

Vanquished Creatures
  Terence (D:2)
  A gnoll (D:2)
  An adder (D:2)
  An ooze (D:1)
  2 giant geckos
  A giant cockroach (D:1)
  2 goblins
  3 hobgoblins
  4 jackals (D:1)
  3 ball pythons
  2 bats
  5 kobolds
  10 rats
36 creatures vanquished.

Vanquished Creatures (collateral kills)
  2 gnolls (D:2)
2 creatures vanquished.

Grand Total: 38 creatures vanquished

Notes
Turn   | Place    | Note
--------------------------------------------------------------
     0 | D:1      | LilCorpsy the Demonspawn Gladiator began the quest for the Orb.
     0 | D:1      | Reached XP level 1. HP: 16/16 MP: 1/1
    36 | D:1      | Reached skill level 3 in Staves
   139 | D:1      | Gained mutation: You have sharp toenails. [demonic ancestry]
   139 | D:1      | Reached XP level 2. HP: 22/22 MP: 2/2
   836 | D:2      | Gained mutation: You have razor-sharp toenails. [demonic ancestry]
   836 | D:2      | Reached XP level 3. HP: 27/27 MP: 3/3
   984 | D:2      | Found a shattered altar of Ashenzari.
  1003 | D:2      | Noticed Terence
  1009 | D:2      | Killed Terence
  1009 | D:2      | Reached skill level 4 in Staves
  1072 | D:2      | Found an iron altar of Okawaru.
  1072 | D:2      | Found a stormy altar of Qazlal.
  1114 | D:2      | Became a worshipper of Warmaster Okawaru
  1252 | D:2      | Gained mutation: A weak demonic guardian rushes to your aid. [demonic ancestry]
  1252 | D:2      | Reached XP level 4. HP: 30/33 MP: 4/4
  1359 | D:2      | HP: 1/33 [giant gecko (3)]
  1360 | D:2      | Succumbed to a gnoll's poison

Vault maps used:
D:1:      dpeg_arrival_tiny_k
D:2:      ashenzari_conservatory_becter, gammafunk_temple_overflow_wave,
          first_bread, minivault_14, uniq_terence, uniq_robin

Action                   |  1- 3 |  4- 6 || total
-------------------------+-------+-------++-------
Melee: Quarterstaff      |    81 |    15 ||    96
  Use: Scroll            |     3 |       ||     3
       Potion            |     1 |       ||     1
  Eat: Royal jelly       |     1 |       ||     1
